 Dungeon Crawl Stone Soup version 0.27.0-1-g7a089689b8 (webtiles) character file.

Game seed: 13335035690683488164

2773 dtburroughs the Cleaver (level 9, -3/123 HPs)
             Began as a Minotaur Berserker on Aug 1, 2021.
             Was an Elder of Trog.
             Slain by an orc warrior (7 damage)
             ... in a bailey.
             The game lasted 00:14:39 (8320 turns).

dtburroughs the Cleaver (Minotaur Berserker)        Turns: 8320, Time: 00:14:39

Health: -3/123     AC: 15    Str: 23    XL:     9   Next: 42%
Magic:  8/8        EV:  8    Int:  7    God:    Trog [****..]
Gold:   321        SH:  8    Dex:  9    Spells: 8/8 levels left

rFire    . . .     SeeInvis .   A - +0 war axe
rCold    . . .     Faith    .   L - +0 buckler
rNeg     . . .     Spirit   .   p - +0 plate armour
rPois    .         Reflect  +   (helmet restricted)
rElec    .         Harm     .   (no cloak)
rCorr    +         Rampage  .   G - +0 pair of gloves
Will     .....                  (no boots)
Stlth    ..........             M - amulet of reflection
HPRegen  0.30/turn              h - ring of resist corrosion
MPRegen  0.11/turn              (no ring)

@: berserking, very quick
A: horns 2, retaliatory headbutt
a: Renounce Religion, Berserk, Trog's Hand, Brothers in Arms


You were in a bailey.
You worshipped Trog.
Trog was greatly pleased with you.
You visited 1 branch of the dungeon, and saw 7 of its levels.
You also visited: Bailey.

You collected 321 gold pieces.

Inventory:

Hand Weapons
 a - a +0 hand axe
 u - a +1 flail of protection
 A - a +0 war axe (weapon)
Missiles
 n - a throwing net (quivered)
Armour
 d - a +2 ring mail of poison resistance
 p - a +0 plate armour (worn)
 G - a +0 pair of gloves (worn)
 L - a +0 buckler (worn)
Jewellery
 e - a ring of ice
 h - a ring of resist corrosion (left hand)
 J - an amulet of regeneration
 K - a +4 ring of evasion
 M - an amulet of reflection (around neck)
Wands
 m - a wand of acid (16)
 x - a wand of mindburst (42)
 D - a wand of iceblast (9)
 F - a wand of charming (7)
Scrolls
 b - 5 scrolls of identify {unknown}
 c - 2 scrolls of magic mapping {unknown}
 g - 2 scrolls of enchant armour {unknown}
 i - a scroll of silence {unknown}
 j - a scroll of holy word {unknown}
 k - 3 scrolls of noise {unknown}
 l - 2 scrolls of immolation {unknown}
 r - a scroll of fog {unknown}
 s - 2 scrolls of enchant weapon {unknown}
 t - a scroll of fear {unknown}
 w - a scroll of blinking {unknown}
 y - a scroll of vulnerability {unknown}
 z - 2 scrolls of amnesia {unknown}
 B - 3 scrolls of teleportation {unknown}
 I - 3 scrolls of acquirement {unknown}
Potions
 f - a potion of magic {unknown}
 o - a potion of attraction {unknown}
 q - 6 potions of curing {unknown}
 v - a potion of cancellation {unknown}
 C - a potion of heal wounds {unknown}
 E - a potion of might {unknown}
 H - a potion of lignification {unknown}
 N - a potion of haste {unknown}
 O - a potion of brilliance {unknown}


   Skills:
 + Level 8.5 Fighting
 + Level 8.5 Axes
 + Level 8.1 Armour
 + Level 7.3 Dodging
 + Level 1.1 Shields
 + Level 1.0 Evocations


You had 8 spell levels left.
You didn't know any spells.
Your spell library was empty.

Dungeon Overview and Level Annotations

Branches:
Dungeon (7/15)             Temple (0/1) D:5          Bailey (1/1)

Altars:
Qazlal

Shops:
D:5 :


Innate Abilities, Weirdness & Mutations

You have a pair of horns on your head.
You reflexively headbutt those who attack you in melee.


Message History

The orc barely misses you.
You continue taking off your amulet of regeneration.
You block the orc warrior's attack. The orc barely misses you.
You continue taking off your amulet of regeneration.
The orc warrior closely misses you. The orc hits you but does no damage.
You finish taking off your amulet of regeneration.
You start putting on your amulet.
You continue putting on your amulet of reflection.
The orc warrior barely misses you. The orc hits you but does no damage.
Keep equipping yourself?
You continue putting on your amulet of reflection.
The orc warrior hits you from afar with a +0 halberd!
You block the orc's attack.
You continue putting on your amulet of reflection.
The orc warrior hits you from afar with a +0 halberd.
The orc misses you.
You continue putting on your amulet of reflection.
The orc warrior hits you from afar with a +0 halberd.
You continue putting on your amulet of reflection.
The orc warrior hits you but does no damage.
You finish putting on your amulet of reflection.
You feel a shielding aura gather around you.
M - an amulet of reflection (around neck)
An orc comes into view. It is wielding a +0 halberd.
The orc shouts!
The orc warrior hits you with a +0 halberd!
The orc barely misses you.
Found two gates leading back out of this place.
The orc warrior hits you but does no damage.
The orc warrior hits you from afar with a +0 halberd!
* * * LOW HITPOINT WARNING * * *
The orc warrior closely misses you.
There is an empty arch of ancient stone, spattered with blood here.
A red film seems to cover your vision as you go berserk!
You feel yourself moving faster!
You feel mighty! The orc warrior closely misses you.
The orc warrior hits you from afar with a +0 halberd!!
* * * LOW HITPOINT WARNING * * *
The orc warrior hits you with a +0 halberd!
You die...

## #### ##∩##
#####
....##...##.....
≈≈≈..#...#..≈≈≈.
≈o≈≈.......≈≈o≈≈
oo≈.......≈oo.≈
o≈≈..o..o.≈≈o≈≈
#o..# #.@.#
##∩## ###


You could see an orc knight, 4 orc warriors and 2 orcs.

Vanquished Creatures
  5 yaks
  Edmund (D:4)
  A black bear (D:4)
  2 orc warriors
  An ice beast (D:7)
  An ogre (D:6)
  A sky beast (D:7)
  A centaur (D:7)
  A necrophage (D:6)
  A phantom (D:5)
  A bullfrog (D:6)
  A gnoll sergeant (D:7)
  A wyvern zombie (D:5)
  3 scorpions
  A howler monkey (D:4)
  A centaur zombie (D:7)
  A hound (D:7)
  A gnoll shaman (D:7)
  An orc priest (D:6)
  2 jellies
  2 bullfrog skeletons (D:5)
  3 iguanas
  An orc wizard (D:6)
  A killer bee zombie (D:5)
  A hound zombie (D:5)
  A hound skeleton (D:4)
  Robin (D:4)
  15 gnolls
  10 adders
  2 river rats (D:5)
  An ufetubus (D:4)
  4 worms
  12 orcs
  6 bats
  5 endoplasms
  3 giant cockroaches
  13 goblins
  15 hobgoblins
  7 jackals
  4 quokkas
  2 ball pythons (D:4)
  A frilled lizard (D:1)
  5 kobolds (D:1)
  7 rats
150 creatures vanquished.

Notes
Turn   | Place    | Note
-------+----------+-------------------------------------------
     0 | D:1      | dtburroughs the Minotaur Berserker began the quest for the
                  | Orb.
     0 | D:1      | Reached XP level 1. HP: 19/19 MP: 0/0
   367 | D:1      | Reached XP level 2. HP: 22/27 MP: 1/1
  1205 | D:1      | Reached XP level 3. HP: 33/33 MP: 2/2
  1595 | D:2      | Reached ** piety under Trog
  2400 | D:3      | Reached XP level 4. HP: 41/41 MP: 3/3
  3255 | D:4      | Reached XP level 5. HP: 39/47 MP: 4/4
  3312 | D:4      | Noticed Edmund
  3329 | D:4      | Killed Edmund
  3330 | D:4      | Reached skill level 5 in Fighting
  3330 | D:4      | Reached skill level 5 in Axes
  3330 | D:4      | Reached XP level 6. HP: 56/56 MP: 5/5
  3502 | D:4      | Noticed Robin
  3514 | D:4      | Killed Robin
  3541 | D:4      | Reached *** piety under Trog
  4143 | D:4      | Identified the +4 flail of Callousness {venom, Fly Will+}
  4279 | D:5      | Entered Level 5 of the Dungeon
  4283 | D:5      | Noticed a yak
  4283 | D:5      | Noticed a yak
  4283 | D:5      | Noticed a yak
  4290 | D:5      | Noticed a yak
  4291 | D:5      | Noticed a yak
  4299 | D:5      | Found Ykhaowap's Book Boutique.
  4324 | D:4      | Reached skill level 5 in Armour
  4507 | D:4      | Reached XP level 7. HP: 60/62 MP: 6/6
  5145 | D:5      | Found a staircase to the Ecumenical Temple.
  5341 | D:4      | Killed a yak
  5342 | D:4      | Reached skill level 5 in Dodging
  6349 | D:5      | Reached XP level 8. HP: 42/71 MP: 7/7
  6933 | D:5      | Found a stormy altar of Qazlal.
  7398 | D:6      | Reached **** piety under Trog
  7430 | D:6      | Reached XP level 9. HP: 62/81 MP: 8/8
  8146 | D:7      | Reached skill level 1 in Shields
  8155 | D:7      | Reached skill level 1 in Evocations
  8294 | D:7      | Found a flagged portal.
  8303 | Bailey   | Entered a bailey
  8306 | Bailey   | Noticed an orc knight
  8320 | Bailey   | HP: 4/123 [orc warrior (18)]
  8320 | Bailey   | Slain by an orc warrior

Illustrated notes

Levels and vault maps discovered:
D:1:      dpeg_arrival_morbid_curiosity, layout_basic, st_stairs_10,
          item_on_display_a
D:2:      layout_loops_corners
D:3:      minmay_evil_eye, layout_basic
D:4:      layout_rooms, uniq_robin, uniq_edmund
D:5:      layout_cave_pools, marbit_many_paths, minmay_temple_entry_butterflies,
          serial_shops, shop, lightli_sewer_entry_pipes, hex_large
D:6:      layout_basic, grunt_ministairs_15, ebering_dispersal_statue_hall
D:7:      layout_basic, enter_bailey_8
Bailey:   bailey_polearm_4, bailey

Skill      XL: |  1  2  3  4  5  6  7  8  9 |
---------------+----------------------------+-----
Fighting       | 4 5 6 7 8 |  8.5
Axes           | 4 5 6 7 8 |  8.5
Armour         | 3 4 5 6 7 8 |  8.1
Dodging        | 3 4 5 6 7 |  7.3
Shields        | 1 |  1.1
Evocations     | 1 |  1.0

Action                   |  1- 3 |  4- 6 |  7- 9 || total
-------------------------+-------+-------+-------++-------
Melee: Hand axe          |    71 |   135 |    37 ||   243
       Headbutt          |     6 |    25 |    41 ||    72
       War axe           |       |       |   198 ||   198
Invok: Berserk           |       |     3 |     3 ||     6
       Trog's Hand       |       |       |     1 ||     1
Armor: Animal skin       |     1 |       |       ||     1
       Ring mail         |    27 |    17 |       ||    44
       Plate armour      |       |    95 |   190 ||   285
Dodge: Dodged            |    53 |    74 |   118 ||   245
Block: Buckler           |       |       |    22 ||    22
